[ AOE2 MATCH · #484084076 ]
UnrankedPersians vs Mongols
[ REPLAY ANALYSIS · EXTRACTED FROM THE RECORDED GAME ]
Feudal
—
Castle
—
Imperial
—
| APM avg | 14.1 |
| APM peak | 49 |
| eAPM avg | 9.9 |
| Villagers / military | 85 / 78 |
Focus
⚔️ 30.0% · 🌾 70.0%
Archer ×51 · War Elephant ×15 · Unknown (1260) ×12 · Monk ×5 · Scout Cavalry ×3 · Spearman ×2
Feudal
—
Castle
—
Imperial
—
| APM avg | 16.0 |
| APM peak | 30 |
| eAPM avg | 12.7 |
| Villagers / military | 120 / 56 |
Focus
⚔️ 18.1% · 🌾 81.9%
Steppe Lancer ×55 · Unknown (1260) ×45 · Trade Cart ×26 · Monk ×1
Feudal
—
Castle
—
Imperial
—
| APM avg | 11.2 |
| APM peak | 31 |
| eAPM avg | 9.7 |
| Villagers / military | 84 / 67 |
Focus
⚔️ 28.2% · 🌾 71.8%
Steppe Lancer ×21 · Scout Cavalry ×15 · Mangudai ×12 · Cavalry Archer ×11 · Trade Cart ×9 · Trebuchet (Packed) ×4
Feudal
—
Castle
—
Imperial
—
| APM avg | 52.8 |
| APM peak | 134 |
| eAPM avg | 29.1 |
| Villagers / military | 115 / 92 |
Focus
⚔️ 26.8% · 🌾 73.2%
Skirmisher ×41 · Scorpion ×35 · Bombard Cannon ×14 · Spearman ×2
Feudal
—
Castle
—
Imperial
—
| APM avg | 15.4 |
| APM peak | 44 |
| eAPM avg | 6.9 |
| Villagers / military | 50 / 41 |
Focus
⚔️ 26.0% · 🌾 74.0%
Skirmisher ×31 · Archer ×8 · Trade Cart ×2 · Trebuchet (Packed) ×2
Feudal
—
Castle
—
Imperial
—
| APM avg | 14.4 |
| APM peak | 41 |
| eAPM avg | 11.4 |
| Villagers / military | 100 / 66 |
Focus
⚔️ 28.5% · 🌾 71.5%
Hand Cannoneer ×29 · Teutonic Knight ×28 · Trade Cart ×17 · Monk ×6 · Trebuchet (Packed) ×3
Feudal
—
Castle
—
Imperial
—
| APM avg | 21.2 |
| APM peak | 53 |
| eAPM avg | 14.2 |
| Villagers / military | 116 / 110 |
Focus
⚔️ 20.0% · 🌾 80.0%
Hand Cannoneer ×55 · Spearman ×26 · Hussite Wagon ×20 · Bombard Cannon ×5 · Trebuchet (Packed) ×3 · Monk ×1
Feudal
—
Castle
—
Imperial
—
| APM avg | 10.7 |
| APM peak | 24 |
| eAPM avg | 8.7 |
| Villagers / military | 89 / 63 |
Focus
⚔️ 27.3% · 🌾 72.7%
Militia ×22 · Spearman ×15 · Trade Cart ×14 · Cavalry Archer ×13 · Knight ×11 · Trebuchet (Packed) ×2
Match map
Initial resources + every placement click. Lines = walls · curves = elevation contours. ◆ gold · ⬟ stone · ● berries · ✦ relic · ◌ wall gap
Your base· ✓ Closed at 19:18 · 17t walls · 1 gate(s)
猫神TRACK's base· ✓ Closed at 21:40 · 0t walls · 1 gate(s)
M3tr0d0r117s's base· ✓ Closed at 17:15 · 16t walls · 1 gate(s)
Kris's base· ✓ Closed at 16:29 · 15t walls · 1 gate(s)
jgent's base· ✓ Closed at 18:55 · 12t walls · 1 gate(s)
47岁老玩家's base· Open — 2t gap
Sir Aldi's base· ✓ Closed at 16:56 · 9t walls · 1 gate(s)
msi's base· ✓ Closed at 21:13 · 14t walls · no gate
Smoothed initial terrain · ◌ = detected wall gap · hover for details
Inputs per minute
— Sparten gio - - 猫神TRACK
Build order — Sparten gio
First 150 of 277 actions detected
| 0:02 | Create | Villager (Male) |
| 0:03 | Create | Villager (Male) |
| 0:03 | Create | Villager (Male) |
| 0:06 | Build | House |
| 0:12 | Build | House |
| 0:28 | Create | Villager (Male) |
| 1:02 | Create | Villager (Male) |
| 1:42 | Create | Villager (Male) |
| 2:25 | Create | Villager (Male) |
| 2:25 | Create | Villager (Male) |
| 2:25 | Create | Villager (Male) |
| 3:41 | Build | Mill |
| 3:45 | Create | Villager (Male) |
| 3:46 | Create | Villager (Male) |
| 3:46 | Create | Villager (Male) |
| 4:01 | Build | Lumber Camp |
| 4:17 | Create | Villager (Male) |
| 6:27 | Build | House |
| 6:44 | Research | Feudal Age |
| 7:06 | Build | House |
| 7:15 | Build | Palisade Gate |
| 7:22 | Build | House |
| 7:30 | Build | Palisade Wall |
| 7:52 | Create | Villager (Male) ×2 |
| 8:34 | Create | Villager (Male) |
| 8:35 | Create | Villager (Male) |
| 8:35 | Create | Villager (Male) |
| 8:37 | Create | Villager (Male) |
| 8:57 | Research | Double-Bit Axe |
| 9:54 | Research | Loom |
| 10:49 | Build | Barracks |
| 11:03 | Build | Market |
| 11:09 | Create | Villager (Male) |
| 11:09 | Create | Villager (Male) |
| 11:09 | Create | Villager (Male) |
| 11:17 | Research | Horse Collar |
| 11:56 | Build | Gate |
| 12:12 | Build | Stone Wall |
| 12:42 | Build | Stable |
| 13:07 | Create | Spearman |
| 13:07 | Create | Spearman |
| 13:10 | Create | Villager (Male) |
| 13:10 | Create | Villager (Male) |
| 13:10 | Create | Villager (Male) |
| 13:11 | Create | Villager (Male) |
| 13:21 | Build | Farm |
| 13:21 | Build | Farm |
| 13:22 | Build | Farm |
| 14:15 | Build | Farm |
| 14:16 | Build | Farm |
| 14:17 | Build | Farm |
| 14:37 | Create | Villager (Male) |
| 14:38 | Create | Villager (Male) |
| 14:38 | Create | Villager (Male) |
| 15:17 | Build | Farm |
| 15:18 | Build | Farm |
| 15:19 | Build | Farm |
| 15:21 | Build | Farm |
| 15:21 | Build | Farm |
| 15:22 | Build | Farm |
| 15:26 | Build | Farm |
| 15:26 | Build | Farm |
| 15:34 | Research | Town Watch |
| 16:19 | Build | House |
| 16:21 | Build | House |
| 16:25 | Build | House |
| 16:30 | Build | House |
| 16:37 | Build | House |
| 17:16 | Create | Villager (Male) |
| 17:16 | Create | Villager (Male) |
| 17:38 | Build | Mining Camp |
| 18:27 | Build | Mining Camp |
| 19:06 | Build | Mining Camp |
| 19:18 | Research | Castle Age |
| 19:51 | Build | Blacksmith |
| 20:12 | Create | Scout Cavalry |
| 20:12 | Create | Scout Cavalry |
| 20:12 | Create | Scout Cavalry |
| 21:46 | Create | Villager (Male) |
| 21:47 | Create | Villager (Male) |
| 21:47 | Create | Villager (Male) |
| 21:47 | Create | Villager (Male) |
| 22:16 | Build | Town Center |
| 23:10 | Build | Town Center |
| 23:43 | Create | Villager (Male) |
| 23:50 | Create | Villager (Male) |
| 23:50 | Create | Villager (Male) |
| 23:50 | Create | Villager (Male) |
| 23:50 | Create | Villager (Male) |
| 23:51 | Create | Villager (Male) |
| 23:51 | Create | Villager (Male) |
| 24:18 | Research | Forging |
| 24:19 | Research | Fletching |
| 24:34 | Create | Villager (Male) |
| 24:34 | Create | Villager (Male) |
| 24:34 | Create | Villager (Male) |
| 24:35 | Create | Villager (Male) |
| 24:35 | Create | Villager (Male) |
| 24:35 | Create | Villager (Male) |
| 24:37 | Create | Villager (Male) |
| 24:37 | Create | Villager (Male) |
| 24:37 | Create | Villager (Male) |
| 25:03 | Research | Bow Saw |
| 25:33 | Research | Heavy Plow |
| 26:15 | Build | Farm |
| 26:15 | Build | Farm |
| 26:16 | Build | Farm |
| 26:16 | Build | Farm |
| 26:16 | Build | Farm |
| 26:16 | Build | Farm |
| 26:17 | Build | Farm |
| 26:17 | Build | Farm |
| 26:17 | Build | Farm |
| 26:17 | Build | Farm |
| 26:25 | Create | Villager (Male) |
| 26:25 | Create | Villager (Male) |
| 26:25 | Create | Villager (Male) |
| 26:26 | Create | Villager (Male) |
| 26:26 | Create | Villager (Male) |
| 26:26 | Create | Villager (Male) |
| 26:32 | Build | House |
| 26:32 | Build | House |
| 26:33 | Build | House |
| 26:33 | Build | House |
| 26:33 | Build | House |
| 26:34 | Build | House |
| 26:34 | Build | House |
| 26:34 | Build | House |
| 26:34 | Build | House |
| 26:49 | Build | Farm |
| 27:00 | Build | Farm |
| 27:16 | Build | Farm |
| 27:25 | Create | Villager (Male) |
| 27:25 | Create | Villager (Male) |
| 27:25 | Create | Villager (Male) |
| 27:26 | Create | Villager (Male) |
| 27:26 | Create | Villager (Male) |
| 27:26 | Create | Villager (Male) |
| 27:46 | Research | Scale Barding Armor |
| 29:52 | Build | House |
| 29:52 | Build | House |
| 29:53 | Build | House |
| 29:53 | Build | House |
| 29:54 | Build | House |
| 29:54 | Build | House |
| 29:54 | Build | House |
| 29:54 | Build | House |
| 29:58 | Create | Villager (Male) |
| 29:58 | Create | Villager (Male) |
| 29:58 | Create | Villager (Male) |
Build order — 猫神TRACK
First 150 of 315 actions detected
| 0:03 | Create | Villager (Male) |
| 0:03 | Create | Villager (Male) |
| 0:09 | Build | House |
| 0:34 | Create | Villager (Male) |
| 0:35 | Create | Villager (Male) |
| 0:39 | Build | House |
| 1:29 | Create | Villager (Male) |
| 1:33 | Build | House |
| 2:13 | Build | Lumber Camp |
| 2:16 | Create | Villager (Male) |
| 2:50 | Create | Villager (Male) |
| 3:13 | Create | Villager (Male) |
| 3:38 | Create | Villager (Male) |
| 3:56 | Create | Villager (Male) |
| 4:11 | Create | Villager (Male) |
| 4:36 | Create | Villager (Male) |
| 5:08 | Build | House |
| 5:11 | Build | House |
| 5:12 | Build | House |
| 5:21 | Create | Villager (Male) |
| 5:51 | Create | Villager (Male) |
| 5:55 | Create | Villager (Male) |
| 6:22 | Create | Villager (Male) |
| 6:46 | Build | Mill |
| 6:49 | Create | Villager (Male) |
| 7:28 | Create | Villager (Male) |
| 7:28 | Create | Villager (Male) |
| 7:50 | Create | Villager (Male) |
| 8:16 | Create | Villager (Male) |
| 9:18 | Research | Feudal Age |
| 10:12 | Build | House |
| 10:16 | Build | House |
| 10:17 | Build | House |
| 10:19 | Build | House |
| 10:21 | Build | House |
| 10:22 | Build | House |
| 10:27 | Build | House |
| 10:43 | Build | Palisade Gate |
| 11:07 | Create | Villager (Male) |
| 11:11 | Create | Villager (Male) |
| 11:32 | Build | Town Center |
| 11:43 | Research | Double-Bit Axe |
| 11:46 | Research | Horse Collar |
| 11:57 | Build | Farm |
| 11:59 | Create | Villager (Male) |
| 12:21 | Build | Farm |
| 12:23 | Create | Villager (Male) |
| 12:47 | Build | Farm |
| 12:50 | Create | Villager (Male) |
| 13:12 | Build | Farm |
| 13:15 | Create | Villager (Male) |
| 13:31 | Build | Mining Camp |
| 13:36 | Create | Villager (Male) |
| 13:41 | Build | Farm |
| 13:45 | Create | Villager (Male) |
| 14:02 | Build | Farm |
| 14:16 | Create | Villager (Male) |
| 14:18 | Create | Villager (Male) |
| 14:42 | Create | Villager (Male) |
| 14:44 | Build | Farm |
| 14:46 | Create | Villager (Male) |
| 15:04 | Create | Villager (Male) |
| 15:10 | Build | Farm |
| 15:21 | Build | Mill |
| 15:27 | Create | Villager (Male) |
| 15:28 | Create | Villager (Male) |
| 15:37 | Build | Farm |
| 15:40 | Create | Villager (Male) |
| 15:49 | Create | Villager (Male) |
| 15:50 | Create | Villager (Male) |
| 15:59 | Build | Farm |
| 16:02 | Create | Villager (Male) |
| 16:22 | Create | Villager (Male) |
| 16:23 | Create | Villager (Male) |
| 16:29 | Build | Farm |
| 16:31 | Create | Villager (Male) |
| 16:38 | Create | Villager (Male) |
| 16:50 | Build | Farm |
| 16:58 | Create | Villager (Male) |
| 17:23 | Build | Farm |
| 17:24 | Create | Villager (Male) |
| 17:31 | Create | Villager (Male) |
| 17:40 | Build | Farm |
| 17:44 | Create | Villager (Male) |
| 18:01 | Build | Market |
| 18:14 | Build | Blacksmith |
| 18:17 | Create | Villager (Male) |
| 18:28 | Build | Farm |
| 18:32 | Create | Villager (Male) |
| 18:34 | Build | Farm |
| 18:37 | Create | Villager (Male) |
| 18:38 | Create | Villager (Male) |
| 18:43 | Create | Villager (Male) |
| 18:43 | Create | Villager (Male) |
| 18:57 | Research | Gold Mining |
| 18:58 | Research | Stone Mining |
| 19:01 | Build | Farm |
| 19:26 | Build | Farm |
| 19:27 | Create | Villager (Male) |
| 19:29 | Create | Villager (Male) |
| 20:07 | Create | Villager (Male) |
| 20:15 | Create | Villager (Male) |
| 20:23 | Create | Villager (Male) |
| 20:28 | Create | Villager (Male) |
| 20:54 | Create | Villager (Male) |
| 20:58 | Create | Villager (Male) |
| 21:20 | Create | Villager (Male) |
| 21:26 | Create | Villager (Male) |
| 21:40 | Research | Castle Age |
| 21:48 | Build | Mill |
| 22:00 | Build | Farm |
| 22:04 | Create | Villager (Male) |
| 22:05 | Create | Villager (Male) |
| 22:10 | Create | Villager (Male) ×4 |
| 22:37 | Build | House |
| 22:39 | Build | House |
| 22:41 | Build | House |
| 22:43 | Build | House |
| 22:44 | Build | House |
| 22:46 | Build | House |
| 22:48 | Build | House |
| 23:18 | Build | Lumber Camp |
| 23:48 | Create | Villager (Male) |
| 23:50 | Create | Villager (Male) |
| 23:51 | Create | Villager (Male) |
| 23:53 | Create | Villager (Male) |
| 23:54 | Research | Wheelbarrow |
| 23:55 | Research | Town Watch |
| 23:56 | Research | Loom |
| 24:29 | Build | Farm |
| 24:43 | Create | Villager (Male) |
| 24:43 | Create | Villager (Male) |
| 25:04 | Build | Town Center |
| 25:15 | Build | Mining Camp |
| 25:22 | Create | Villager (Male) |
| 25:24 | Create | Villager (Male) |
| 25:26 | Create | Villager (Male) |
| 25:26 | Create | Villager (Male) |
| 25:35 | Research | Heavy Plow |
| 25:38 | Research | Bow Saw |
| 25:41 | Research | Gold Shaft Mining |
| 25:44 | Build | Farm |
| 25:50 | Build | Farm |
| 25:55 | Build | Farm |
| 25:59 | Create | Villager (Male) |
| 26:23 | Build | Mining Camp |
| 26:31 | Build | Castle |
| 26:42 | Build | Farm |
| 26:45 | Create | Villager (Male) |
| 26:52 | Research | Forging |
Build order — M3tr0d0r117s
First 150 of 265 actions detected
| 0:05 | Build | House |
| 0:07 | Build | House |
| 0:08 | Create | Villager (Male) |
| 0:08 | Create | Villager (Male) |
| 0:09 | Create | Villager (Male) |
| 0:09 | Create | Villager (Male) |
| 0:09 | Create | Villager (Male) |
| 1:56 | Create | Villager (Male) |
| 1:56 | Create | Villager (Male) |
| 2:12 | Create | Villager (Male) |
| 2:15 | Create | Villager (Male) |
| 2:27 | Build | Lumber Camp |
| 2:46 | Create | Villager (Male) |
| 3:08 | Create | Villager (Male) |
| 3:43 | Create | Villager (Male) |
| 3:43 | Create | Villager (Male) |
| 4:10 | Build | House |
| 4:13 | Create | Villager (Male) |
| 4:36 | Create | Villager (Male) |
| 4:59 | Create | Villager (Male) |
| 4:59 | Create | Villager (Male) |
| 5:00 | Create | Villager (Male) |
| 5:11 | Create | Villager (Male) |
| 6:11 | Build | Mill |
| 6:39 | Build | Lumber Camp |
| 7:07 | Create | Villager (Male) |
| 7:07 | Create | Villager (Male) |
| 7:07 | Create | Villager (Male) |
| 7:07 | Create | Villager (Male) |
| 7:20 | Build | House |
| 7:33 | Research | Loom |
| 7:35 | Create | Villager (Male) |
| 7:36 | Create | Villager (Male) |
| 7:36 | Create | Villager (Male) |
| 7:37 | Create | Villager (Male) |
| 7:39 | Create | Villager (Male) |
| 7:57 | Build | Farm |
| 8:38 | Research | Feudal Age |
| 9:13 | Create | Villager (Male) |
| 9:13 | Create | Villager (Male) |
| 9:28 | Create | Villager (Male) |
| 9:44 | Build | House |
| 9:55 | Build | Mining Camp |
| 10:31 | Build | Barracks |
| 11:22 | Create | Villager (Male) |
| 11:22 | Create | Villager (Male) |
| 11:23 | Create | Villager (Male) |
| 11:23 | Create | Villager (Male) |
| 12:19 | Build | Stone Wall |
| 12:25 | Build | Gate |
| 12:59 | Build | Blacksmith |
| 13:03 | Build | Market |
| 14:20 | Build | Farm |
| 14:22 | Build | Farm |
| 14:38 | Build | Farm |
| 14:54 | Build | House |
| 14:56 | Build | House |
| 15:35 | Build | Lumber Camp |
| 15:37 | Research | Double-Bit Axe |
| 15:50 | Build | House |
| 15:52 | Build | House |
| 15:55 | Build | House |
| 15:57 | Build | House |
| 15:59 | Build | House |
| 16:08 | Build | Farm |
| 16:10 | Research | Horse Collar |
| 16:16 | Build | Farm |
| 16:29 | Build | Farm |
| 16:30 | Build | Farm |
| 16:36 | Build | Farm |
| 16:39 | Build | Farm |
| 16:48 | Build | Farm |
| 16:56 | Build | Farm |
| 17:10 | Build | Farm |
| 17:15 | Research | Castle Age |
| 17:46 | Build | Archery Range |
| 18:06 | Create | Spearman |
| 18:10 | Create | Spearman |
| 18:30 | Create | Villager (Male) |
| 18:31 | Create | Villager (Male) |
| 18:31 | Create | Villager (Male) |
| 18:31 | Create | Villager (Male) |
| 18:47 | Build | Stable |
| 19:26 | Build | Mining Camp |
| 19:56 | Build | Watch Tower |
| 20:17 | Create | Cavalry Archer |
| 20:18 | Create | Cavalry Archer |
| 20:18 | Create | Cavalry Archer |
| 20:18 | Create | Cavalry Archer |
| 20:18 | Create | Cavalry Archer |
| 20:28 | Research | Scale Mail Armor |
| 20:29 | Research | Scale Barding Armor |
| 20:30 | Research | Fletching |
| 20:43 | Build | Monastery |
| 21:05 | Create | Villager (Male) |
| 21:05 | Create | Villager (Male) |
| 21:05 | Create | Villager (Male) |
| 21:05 | Create | Villager (Male) |
| 21:25 | Build | Siege Workshop |
| 21:52 | Create | Monk |
| 21:52 | Create | Monk |
| 22:03 | Build | Archery Range |
| 22:28 | Build | Archery Range |
| 23:24 | Create | Villager (Male) |
| 23:24 | Create | Villager (Male) |
| 23:24 | Create | Villager (Male) |
| 23:25 | Create | Villager (Male) |
| 23:25 | Create | Villager (Male) |
| 23:35 | Create | Villager (Male) |
| 23:35 | Create | Villager (Male) |
| 25:11 | Build | Stone Wall |
| 25:20 | Build | Stone Wall |
| 25:29 | Build | Mining Camp |
| 25:40 | Build | Town Center |
| 26:03 | Create | Villager (Male) |
| 26:04 | Create | Villager (Male) |
| 26:28 | Create | Villager (Male) |
| 26:28 | Create | Villager (Male) |
| 27:04 | Build | Mining Camp |
| 27:18 | Create | Villager (Male) |
| 27:18 | Create | Villager (Male) |
| 27:19 | Create | Villager (Male) |
| 27:19 | Create | Villager (Male) |
| 27:21 | Create | Villager (Male) |
| 27:24 | Create | Villager (Male) |
| 27:24 | Create | Villager (Male) |
| 27:25 | Create | Villager (Male) |
| 27:25 | Create | Villager (Male) |
| 27:32 | Research | Heavy Plow |
| 27:37 | Research | Bow Saw |
| 28:05 | Build | Farm |
| 28:09 | Build | Farm |
| 28:13 | Build | Farm |
| 28:18 | Build | Farm |
| 28:42 | Build | Farm |
| 29:04 | Build | Lumber Camp |
| 29:13 | Build | Town Center |
| 29:26 | Build | Mining Camp |
| 29:41 | Create | Villager (Male) |
| 29:41 | Create | Villager (Male) |
| 29:45 | Create | Villager (Male) |
| 29:46 | Create | Villager (Male) |
| 30:01 | Build | Castle |
| 30:20 | Build | Farm |
| 31:22 | Create | Villager (Male) |
| 31:22 | Create | Villager (Male) |
| 31:22 | Create | Villager (Male) |
| 31:22 | Create | Villager (Male) |
| 31:29 | Research | Imperial Age |
| 31:32 | Create | Villager (Male) ×2 |
Build order — Kris
First 150 of 399 actions detected
| 0:04 | Create | Villager (Male) |
| 0:04 | Create | Villager (Male) |
| 0:05 | Create | Villager (Male) |
| 0:05 | Create | Villager (Male) |
| 0:05 | Create | Villager (Male) |
| 0:06 | Build | House |
| 0:07 | Build | House |
| 0:09 | Build | House |
| 0:10 | Build | House |
| 1:52 | Create | Villager (Male) |
| 1:52 | Create | Villager (Male) |
| 1:52 | Create | Villager (Male) |
| 2:20 | Create | Villager (Male) |
| 2:21 | Create | Villager (Male) |
| 2:21 | Create | Villager (Male) |
| 2:49 | Create | Villager (Male) |
| 2:49 | Create | Villager (Male) |
| 3:12 | Build | Palisade Wall |
| 3:18 | Create | Villager (Male) |
| 3:19 | Create | Villager (Male) |
| 3:29 | Create | Villager (Male) |
| 3:29 | Create | Villager (Male) |
| 4:18 | Create | Villager (Male) |
| 4:19 | Create | Villager (Male) |
| 4:19 | Create | Villager (Male) |
| 4:19 | Create | Villager (Male) |
| 4:31 | Build | Lumber Camp |
| 4:45 | Create | Villager (Male) |
| 4:45 | Create | Villager (Male) |
| 4:45 | Create | Villager (Male) |
| 5:17 | Build | Palisade Gate |
| 5:21 | Create | Villager (Male) |
| 5:21 | Create | Villager (Male) |
| 5:21 | Create | Villager (Male) |
| 5:50 | Build | Lumber Camp |
| 5:57 | Create | Villager (Male) |
| 5:57 | Create | Villager (Male) |
| 6:06 | Create | Villager (Male) |
| 6:06 | Create | Villager (Male) |
| 6:06 | Create | Villager (Male) |
| 6:44 | Create | Villager (Male) |
| 6:44 | Create | Villager (Male) |
| 7:25 | Create | Villager (Male) |
| 7:25 | Create | Villager (Male) |
| 7:49 | Create | Villager (Male) |
| 7:49 | Create | Villager (Male) |
| 7:49 | Create | Villager (Male) |
| 8:00 | Create | Villager (Male) |
| 8:00 | Create | Villager (Male) |
| 8:01 | Create | Villager (Male) |
| 8:01 | Create | Villager (Male) |
| 8:06 | Build | House |
| 8:10 | Build | House |
| 8:11 | Build | House |
| 8:31 | Build | Mill |
| 8:33 | Create | Villager (Male) |
| 8:34 | Create | Villager (Male) |
| 10:01 | Build | Mill |
| 10:14 | Build | Mill |
| 10:19 | Create | Villager (Male) |
| 10:23 | Create | Villager (Male) |
| 11:24 | Create | Villager (Male) |
| 11:37 | Build | Barracks |
| 12:01 | Build | House |
| 12:01 | Build | House |
| 12:09 | Research | Feudal Age |
| 12:36 | Build | Mining Camp |
| 12:49 | Build | Mining Camp |
| 13:09 | Create | Villager (Male) |
| 13:24 | Create | Villager (Male) |
| 14:32 | Build | Market |
| 14:41 | Build | Blacksmith |
| 14:45 | Create | Villager (Male) |
| 14:48 | Create | Spearman |
| 14:48 | Create | Spearman |
| 15:31 | Create | Villager (Male) |
| 15:59 | Create | Villager (Male) |
| 16:13 | Build | Barracks |
| 16:29 | Research | Castle Age |
| 16:51 | Build | Stone Wall |
| 16:56 | Build | Gate |
| 17:20 | Research | Double-Bit Axe |
| 17:23 | Research | Horse Collar |
| 17:38 | Build | Mill |
| 18:11 | Build | Farm |
| 18:12 | Build | Farm |
| 18:12 | Build | Farm |
| 18:13 | Build | Farm |
| 18:14 | Build | Farm |
| 18:16 | Build | Farm |
| 18:17 | Build | Farm |
| 18:18 | Build | Farm |
| 18:23 | Build | Farm |
| 18:24 | Build | Farm |
| 18:50 | Build | Stone Wall |
| 19:06 | Build | Stone Wall |
| 19:12 | Build | Stone Wall |
| 19:19 | Build | Gate |
| 19:26 | Create | Villager (Male) |
| 19:27 | Create | Villager (Male) |
| 19:28 | Create | Villager (Male) |
| 19:52 | Create | Villager (Male) |
| 19:53 | Create | Villager (Male) |
| 19:57 | Build | Town Center |
| 20:41 | Build | Farm |
| 20:42 | Build | Farm |
| 20:45 | Build | Farm |
| 20:46 | Create | Villager (Male) |
| 20:46 | Create | Villager (Male) |
| 20:50 | Create | Villager (Male) |
| 20:52 | Research | Bow Saw |
| 21:03 | Build | University |
| 21:12 | Create | Villager (Male) |
| 21:13 | Create | Villager (Male) |
| 21:14 | Create | Villager (Male) |
| 21:15 | Create | Villager (Male) |
| 21:27 | Build | Town Center |
| 22:00 | Build | Monastery |
| 22:06 | Create | Villager (Male) |
| 22:07 | Create | Villager (Male) |
| 22:07 | Create | Villager (Male) |
| 22:19 | Build | House |
| 22:19 | Build | House |
| 22:19 | Build | House |
| 22:20 | Build | House |
| 22:20 | Build | House |
| 22:20 | Build | House |
| 22:20 | Build | House |
| 22:20 | Build | House |
| 22:21 | Build | House |
| 22:21 | Build | House |
| 22:21 | Build | House |
| 22:21 | Build | House |
| 22:21 | Build | House |
| 22:22 | Build | House |
| 22:22 | Build | House |
| 22:22 | Build | House |
| 22:22 | Build | House |
| 22:22 | Build | House |
| 22:28 | Research | Treadmill Crane |
| 22:33 | Create | Villager (Male) |
| 22:35 | Create | Villager (Male) |
| 22:36 | Create | Villager (Male) |
| 22:36 | Create | Villager (Male) |
| 22:44 | Build | Mining Camp |
| 22:58 | Build | Siege Workshop |
| 23:26 | Create | Villager (Male) |
| 23:26 | Create | Villager (Male) |
| 23:26 | Create | Villager (Male) |
| 23:26 | Create | Villager (Male) |
Build order — jgent
First 150 of 174 actions detected
| 0:02 | Create | Villager (Male) |
| 0:03 | Create | Villager (Male) |
| 0:03 | Create | Villager (Male) |
| 0:03 | Create | Villager (Male) |
| 0:11 | Build | House |
| 0:38 | Build | House |
| 1:49 | Create | Villager (Male) |
| 1:55 | Research | Loom |
| 2:46 | Create | Villager (Male) |
| 2:47 | Create | Villager (Male) |
| 3:28 | Create | Villager (Male) |
| 4:21 | Create | Villager (Male) |
| 4:21 | Create | Villager (Male) |
| 4:57 | Create | Villager (Male) |
| 5:18 | Build | Palisade Wall |
| 5:25 | Build | Palisade Gate |
| 5:55 | Build | Lumber Camp |
| 6:52 | Build | Mill |
| 7:48 | Build | House |
| 7:52 | Build | House |
| 8:19 | Research | Feudal Age |
| 8:32 | Build | Barracks |
| 9:48 | Build | House |
| 9:57 | Create | Villager (Male) |
| 10:04 | Create | Villager (Male) |
| 10:04 | Create | Villager (Male) |
| 10:32 | Build | Archery Range |
| 11:23 | Research | Double-Bit Axe |
| 12:12 | Research | Wheelbarrow |
| 12:14 | Research | Town Watch |
| 12:38 | Research | Horse Collar |
| 12:56 | Create | Skirmisher |
| 13:05 | Create | Skirmisher |
| 13:05 | Create | Skirmisher |
| 13:52 | Create | Villager (Male) |
| 14:34 | Build | Farm |
| 14:38 | Build | Farm |
| 14:39 | Create | Villager (Male) |
| 14:40 | Create | Villager (Male) |
| 14:44 | Build | Farm |
| 14:49 | Build | Farm |
| 15:09 | Build | Mining Camp |
| 15:16 | Create | Villager (Male) |
| 15:18 | Create | Villager (Male) |
| 15:40 | Create | Skirmisher |
| 15:40 | Create | Skirmisher |
| 16:37 | Research | Gold Mining |
| 17:01 | Build | Blacksmith |
| 18:01 | Build | Market |
| 18:09 | Build | House |
| 18:55 | Research | Castle Age |
| 19:11 | Build | House |
| 19:21 | Build | Farm |
| 19:58 | Build | Farm |
| 20:14 | Build | Farm |
| 21:04 | Build | Farm |
| 21:21 | Build | Farm |
| 21:29 | Create | Villager (Male) |
| 21:33 | Create | Villager (Male) |
| 21:33 | Create | Villager (Male) |
| 21:46 | Build | Farm |
| 22:09 | Build | Mining Camp |
| 22:18 | Create | Villager (Male) |
| 22:25 | Research | Stone Mining |
| 22:43 | Research | Fletching |
| 22:51 | Research | Bow Saw |
| 23:06 | Create | Villager (Male) |
| 23:22 | Research | Gold Shaft Mining |
| 23:36 | Create | Villager (Male) |
| 23:52 | Build | Farm |
| 23:57 | Create | Villager (Male) |
| 24:21 | Build | Farm |
| 24:27 | Create | Villager (Male) |
| 24:40 | Build | Farm |
| 24:48 | Create | Villager (Male) |
| 25:01 | Build | Farm |
| 25:05 | Research | Heavy Plow |
| 25:35 | Build | House |
| 26:45 | Research | Bodkin Arrow |
| 26:57 | Build | Watch Tower |
| 27:04 | Create | Villager (Male) |
| 27:05 | Create | Villager (Male) |
| 27:17 | Research | Padded Archer Armor |
| 28:26 | Build | University |
| 29:01 | Research | Thumb Ring |
| 29:09 | Research | Leather Archer Armor |
| 29:21 | Build | House |
| 29:24 | Build | House |
| 29:28 | Create | Villager (Male) |
| 29:28 | Create | Villager (Male) |
| 30:24 | Create | Trade Cart |
| 30:26 | Create | Trade Cart |
| 30:59 | Build | Watch Tower |
| 31:13 | Research | Guard Tower (upgrade) |
| 31:20 | Research | Caravan |
| 31:35 | Research | Town Patrol |
| 31:51 | Research | Murder Holes |
| 32:04 | Create | Villager (Male) |
| 32:10 | Create | Villager (Male) |
| 32:39 | Build | Watch Tower |
| 33:23 | Build | Town Center |
| 33:47 | Build | Watch Tower |
| 34:22 | Research | Elite Skirmisher (upgrade) |
| 34:23 | Research | Crossbowman (upgrade) |
| 34:35 | Create | Villager (Male) |
| 34:35 | Create | Villager (Male) |
| 35:18 | Build | Watch Tower |
| 35:43 | Research | Ballistics |
| 35:53 | Create | Archer |
| 36:09 | Build | Farm |
| 36:43 | Create | Villager (Male) |
| 36:43 | Create | Villager (Male) |
| 36:43 | Create | Villager (Male) |
| 36:43 | Create | Villager (Male) |
| 36:50 | Research | Hand Cart |
| 37:06 | Build | Castle |
| 37:19 | Create | Skirmisher |
| 37:19 | Create | Skirmisher |
| 37:19 | Create | Skirmisher |
| 37:20 | Create | Skirmisher |
| 37:21 | Create | Skirmisher |
| 37:47 | Create | Villager (Male) |
| 37:53 | Create | Villager (Male) |
| 37:53 | Create | Villager (Male) |
| 37:54 | Create | Villager (Male) |
| 38:19 | Create | Villager (Male) |
| 38:19 | Create | Villager (Male) |
| 39:07 | Create | Skirmisher |
| 39:07 | Create | Skirmisher |
| 39:07 | Create | Skirmisher |
| 39:08 | Create | Skirmisher |
| 39:08 | Create | Skirmisher |
| 39:20 | Build | Archery Range |
| 39:25 | Research | Imperial Age |
| 39:31 | Create | Skirmisher |
| 39:32 | Create | Skirmisher |
| 39:37 | Research | Masonry |
| 39:46 | Create | Villager (Male) |
| 39:54 | Build | Archery Range |
| 40:45 | Research | Yasama |
| 41:01 | Build | House |
| 41:16 | Build | House |
| 41:35 | Create | Skirmisher |
| 41:35 | Create | Skirmisher |
| 41:36 | Create | Skirmisher |
| 41:36 | Create | Skirmisher |
| 41:36 | Create | Skirmisher |
| 41:43 | Create | Archer |
| 41:43 | Create | Archer |
| 41:44 | Create | Archer |
Build order — 47岁老玩家
First 150 of 359 actions detected
| 0:02 | Create | Villager (Male) |
| 0:03 | Create | Villager (Male) |
| 0:03 | Create | Villager (Male) |
| 0:03 | Create | Villager (Male) |
| 0:07 | Build | House |
| 0:12 | Build | House |
| 1:28 | Create | Villager (Male) |
| 1:59 | Create | Villager (Male) |
| 1:59 | Create | Villager (Male) |
| 2:27 | Create | Villager (Male) |
| 2:56 | Create | Villager (Male) |
| 3:03 | Create | Villager (Male) |
| 3:11 | Build | House |
| 3:13 | Build | House |
| 3:26 | Build | Mill |
| 3:43 | Create | Villager (Male) |
| 4:14 | Create | Villager (Male) |
| 4:14 | Create | Villager (Male) |
| 5:05 | Create | Villager (Male) |
| 5:05 | Create | Villager (Male) |
| 5:13 | Build | Lumber Camp |
| 5:34 | Create | Villager (Male) |
| 5:34 | Create | Villager (Male) |
| 6:26 | Create | Villager (Male) |
| 6:31 | Build | Mining Camp |
| 6:46 | Create | Villager (Male) |
| 6:47 | Create | Villager (Male) |
| 7:26 | Build | Farm |
| 7:35 | Build | Farm |
| 7:48 | Build | Farm |
| 7:59 | Create | Villager (Male) |
| 8:27 | Build | Farm |
| 8:28 | Build | Farm |
| 8:34 | Create | Villager (Male) |
| 8:49 | Research | Feudal Age |
| 9:29 | Build | House |
| 9:30 | Build | House |
| 9:41 | Create | Villager (Male) |
| 9:41 | Create | Villager (Male) |
| 9:42 | Create | Villager (Male) |
| 10:29 | Build | Barracks |
| 11:10 | Research | Double-Bit Axe |
| 11:10 | Research | Double-Bit Axe |
| 11:10 | Research | Double-Bit Axe |
| 11:19 | Research | Horse Collar |
| 11:42 | Create | Villager (Male) |
| 11:43 | Create | Villager (Male) |
| 11:57 | Build | Mining Camp |
| 12:09 | Build | Farm |
| 12:22 | Build | Farm |
| 12:29 | Build | Farm |
| 12:36 | Build | Farm |
| 13:30 | Build | Archery Range |
| 13:36 | Create | Villager (Male) |
| 13:37 | Create | Villager (Male) |
| 13:59 | Create | Villager (Male) |
| 14:32 | Build | Blacksmith |
| 14:40 | Create | Villager (Male) |
| 15:11 | Research | Castle Age |
| 15:11 | Research | Castle Age |
| 15:11 | Research | Castle Age |
| 15:20 | Build | Market |
| 15:35 | Build | House |
| 15:37 | Build | House |
| 15:39 | Build | House |
| 15:51 | Create | Villager (Male) |
| 15:52 | Create | Villager (Male) |
| 16:19 | Build | Farm |
| 16:32 | Build | Farm |
| 16:33 | Build | Farm |
| 16:34 | Build | Farm |
| 16:53 | Research | Gold Mining |
| 17:07 | Research | Stone Mining |
| 17:34 | Build | Stone Wall |
| 17:43 | Build | Stone Wall |
| 17:49 | Build | Gate |
| 18:19 | Build | Gate |
| 18:37 | Create | Villager (Male) |
| 18:37 | Create | Villager (Male) |
| 18:56 | Build | Town Center |
| 19:37 | Create | Villager (Male) |
| 19:37 | Create | Villager (Male) |
| 20:29 | Create | Villager (Male) |
| 20:30 | Create | Villager (Male) |
| 20:30 | Create | Villager (Male) |
| 20:30 | Create | Villager (Male) |
| 20:43 | Build | Town Center |
| 20:53 | Research | Loom |
| 21:12 | Research | Wheelbarrow |
| 21:15 | Create | Villager (Male) |
| 21:15 | Create | Villager (Male) |
| 21:15 | Create | Villager (Male) |
| 21:15 | Create | Villager (Male) |
| 21:16 | Create | Villager (Male) |
| 21:24 | Create | Villager (Male) |
| 21:27 | Create | Villager (Male) |
| 21:27 | Create | Villager (Male) |
| 21:27 | Create | Villager (Male) |
| 21:28 | Create | Villager (Male) |
| 21:33 | Research | Bow Saw |
| 21:56 | Create | Villager (Male) |
| 21:56 | Create | Villager (Male) |
| 21:56 | Create | Villager (Male) |
| 21:57 | Create | Villager (Male) |
| 22:18 | Build | Monastery |
| 22:31 | Create | Villager (Male) |
| 22:31 | Create | Villager (Male) |
| 22:32 | Create | Villager (Male) |
| 22:32 | Create | Villager (Male) |
| 22:52 | Build | Town Center |
| 23:12 | Create | Monk |
| 23:13 | Create | Monk |
| 23:17 | Build | Mining Camp |
| 23:28 | Research | Heavy Plow |
| 23:38 | Build | Farm |
| 23:39 | Build | Farm |
| 23:50 | Research | Town Watch |
| 23:51 | Create | Villager (Male) |
| 23:51 | Create | Villager (Male) |
| 23:51 | Create | Villager (Male) |
| 23:51 | Create | Villager (Male) |
| 23:51 | Create | Villager (Male) |
| 23:59 | Build | Farm |
| 24:00 | Build | Farm |
| 24:21 | Create | Villager (Male) |
| 24:21 | Create | Villager (Male) |
| 24:21 | Create | Villager (Male) |
| 24:46 | Build | House |
| 24:46 | Build | House |
| 24:46 | Build | House |
| 24:46 | Build | House |
| 24:47 | Build | House |
| 24:47 | Build | House |
| 24:47 | Build | House |
| 24:48 | Build | House |
| 24:55 | Build | House |
| 24:55 | Build | House |
| 25:00 | Build | House |
| 25:00 | Build | House |
| 25:00 | Build | House |
| 25:01 | Build | House |
| 25:11 | Research | Stone Shaft Mining |
| 25:22 | Build | University |
| 25:27 | Create | Villager (Male) |
| 25:27 | Create | Villager (Male) |
| 25:27 | Create | Villager (Male) |
| 25:27 | Create | Villager (Male) |
| 25:35 | Build | Farm |
| 25:36 | Build | Farm |
| 25:43 | Build | Farm |
Build order — Sir Aldi
First 150 of 300 actions detected
| 0:02 | Create | Villager (Male) |
| 0:02 | Create | Villager (Male) |
| 0:04 | Build | House |
| 0:05 | Build | House |
| 0:36 | Create | Villager (Male) |
| 0:47 | Create | Villager (Male) |
| 1:42 | Create | Villager (Male) |
| 1:47 | Build | Lumber Camp |
| 2:03 | Create | Villager (Male) |
| 2:19 | Create | Villager (Male) |
| 2:19 | Create | Villager (Male) |
| 2:54 | Create | Villager (Male) |
| 3:01 | Build | House |
| 3:13 | Create | Villager (Male) |
| 3:13 | Create | Villager (Male) |
| 3:51 | Create | Villager (Male) |
| 4:08 | Build | Mill |
| 4:16 | Create | Villager (Male) |
| 4:17 | Create | Villager (Male) |
| 4:17 | Create | Villager (Male) |
| 4:45 | Create | Villager (Male) |
| 4:45 | Create | Villager (Male) |
| 5:13 | Create | Villager (Male) |
| 5:13 | Create | Villager (Male) |
| 5:23 | Create | Villager (Male) |
| 5:24 | Create | Villager (Male) |
| 5:44 | Create | Villager (Male) |
| 5:46 | Create | Villager (Male) |
| 5:46 | Create | Villager (Male) |
| 5:46 | Create | Villager (Male) |
| 5:52 | Build | House |
| 6:20 | Create | Villager (Male) |
| 6:43 | Create | Villager (Male) |
| 6:51 | Build | House |
| 7:43 | Create | Villager (Male) |
| 8:10 | Create | Villager (Male) |
| 8:13 | Build | Mining Camp |
| 8:50 | Build | Farm |
| 8:59 | Build | Farm |
| 9:02 | Research | Feudal Age |
| 9:02 | Research | Feudal Age |
| 9:02 | Research | Feudal Age |
| 9:02 | Research | Feudal Age |
| 9:24 | Create | Villager (Male) |
| 9:44 | Build | Farm |
| 9:53 | Build | Farm |
| 9:57 | Build | Farm |
| 10:05 | Build | Farm |
| 10:11 | Build | Farm |
| 10:14 | Create | Villager (Male) |
| 10:14 | Create | Villager (Male) |
| 10:51 | Build | Barracks |
| 11:20 | Build | Stone Wall |
| 11:32 | Build | Gate |
| 11:55 | Create | Villager (Male) |
| 12:26 | Build | Barracks |
| 12:28 | Create | Villager (Male) |
| 12:28 | Create | Villager (Male) |
| 12:36 | Build | House |
| 12:43 | Build | Farm |
| 12:57 | Build | Market |
| 13:07 | Build | Farm |
| 13:12 | Build | Blacksmith |
| 13:14 | Create | Villager (Male) |
| 13:40 | Create | Villager (Male) |
| 13:53 | Build | House |
| 14:04 | Create | Villager (Male) |
| 14:30 | Create | Spearman |
| 14:30 | Create | Spearman |
| 14:30 | Create | Spearman |
| 14:30 | Create | Spearman |
| 14:31 | Create | Spearman |
| 15:08 | Build | Farm |
| 15:12 | Create | Villager (Male) |
| 15:18 | Build | Farm |
| 15:18 | Build | Farm |
| 15:20 | Build | Farm |
| 15:23 | Create | Villager (Male) |
| 15:23 | Create | Villager (Male) |
| 15:35 | Build | Lumber Camp |
| 15:45 | Build | House |
| 15:58 | Create | Villager (Male) |
| 16:14 | Build | House |
| 16:15 | Build | House |
| 16:16 | Build | House |
| 16:16 | Build | House |
| 16:18 | Build | House |
| 16:27 | Create | Spearman |
| 16:27 | Create | Spearman |
| 16:28 | Create | Spearman |
| 16:28 | Create | Spearman |
| 16:28 | Create | Spearman |
| 16:40 | Create | Spearman |
| 16:56 | Research | Castle Age |
| 17:06 | Build | Farm |
| 17:14 | Build | Farm |
| 17:23 | Create | Villager (Male) |
| 17:24 | Create | Villager (Male) |
| 17:39 | Create | Villager (Male) |
| 17:40 | Create | Villager (Male) |
| 17:48 | Build | Mill |
| 18:03 | Build | Archery Range |
| 18:06 | Build | Archery Range |
| 18:09 | Build | Archery Range |
| 18:37 | Research | Horse Collar |
| 18:39 | Research | Double-Bit Axe |
| 18:49 | Research | Scale Mail Armor |
| 19:46 | Build | Town Center |
| 20:30 | Research | Loom |
| 20:33 | Research | Wheelbarrow |
| 20:35 | Research | Town Watch |
| 21:25 | Create | Villager (Male) |
| 21:25 | Create | Villager (Male) |
| 21:26 | Create | Villager (Male) |
| 21:26 | Create | Villager (Male) |
| 21:26 | Create | Villager (Male) |
| 21:46 | Build | Mining Camp |
| 21:54 | Build | Mining Camp |
| 21:57 | Create | Villager (Male) |
| 21:57 | Create | Villager (Male) |
| 22:17 | Build | University |
| 22:21 | Build | Monastery |
| 22:50 | Create | Villager (Male) |
| 23:04 | Create | Villager (Male) |
| 23:21 | Research | Chemistry |
| 23:27 | Create | Villager (Male) |
| 23:39 | Research | Hand Cart |
| 23:47 | Create | Villager (Male) |
| 23:51 | Build | Farm |
| 23:57 | Build | Farm |
| 23:59 | Build | Farm |
| 24:01 | Build | Farm |
| 24:02 | Build | Farm |
| 24:05 | Create | Villager (Male) |
| 24:08 | Research | Town Patrol |
| 24:29 | Build | Farm |
| 24:47 | Build | Town Center |
| 24:51 | Build | Farm |
| 24:55 | Create | Villager (Male) |
| 24:59 | Create | Villager (Male) |
| 24:59 | Create | Villager (Male) |
| 24:59 | Create | Villager (Male) |
| 25:15 | Create | Villager (Male) |
| 25:15 | Create | Villager (Male) |
| 25:25 | Create | Hand Cannoneer ×4 |
| 25:45 | Create | Villager (Male) |
| 25:45 | Create | Villager (Male) |
| 25:49 | Create | Villager (Male) |
| 25:49 | Create | Villager (Male) |
| 26:01 | Create | Villager (Male) |
Build order — msi
First 150 of 267 actions detected
| 0:02 | Research | Loom |
| 0:02 | Create | Villager (Male) |
| 0:03 | Create | Villager (Male) |
| 0:04 | Create | Villager (Male) |
| 0:04 | Create | Villager (Male) |
| 0:04 | Create | Villager (Male) |
| 1:55 | Create | Villager (Male) |
| 2:28 | Create | Villager (Male) |
| 2:30 | Create | Villager (Male) |
| 3:08 | Create | Villager (Male) |
| 3:10 | Create | Villager (Male) |
| 3:42 | Create | Villager (Male) |
| 4:07 | Create | Villager (Male) |
| 4:08 | Create | Villager (Male) |
| 4:39 | Create | Villager (Male) |
| 5:08 | Build | Mill |
| 5:40 | Build | Lumber Camp |
| 5:49 | Create | Villager (Male) |
| 7:11 | Create | Villager (Male) |
| 7:12 | Create | Villager (Male) |
| 7:14 | Create | Villager (Male) |
| 7:15 | Create | Villager (Male) |
| 7:17 | Create | Villager (Male) |
| 7:24 | Create | Villager (Male) |
| 8:42 | Build | Farm |
| 8:43 | Build | Farm |
| 8:43 | Build | Farm |
| 8:45 | Build | Farm |
| 9:05 | Create | Villager (Male) |
| 9:32 | Create | Villager (Male) |
| 9:32 | Create | Villager (Male) |
| 9:33 | Create | Villager (Male) |
| 9:33 | Create | Villager (Male) |
| 10:19 | Create | Villager (Male) |
| 10:36 | Build | Mining Camp |
| 11:31 | Build | Mining Camp |
| 12:09 | Research | Feudal Age |
| 14:24 | Research | Wheelbarrow |
| 14:27 | Research | Horse Collar |
| 14:30 | Research | Stone Mining |
| 14:33 | Research | Gold Mining |
| 14:36 | Research | Double-Bit Axe |
| 15:15 | Create | Villager (Male) |
| 15:17 | Create | Villager (Male) |
| 15:20 | Create | Villager (Male) |
| 15:29 | Create | Villager (Male) |
| 16:15 | Build | Gate |
| 16:31 | Build | Farm |
| 16:58 | Build | Farm |
| 16:59 | Build | Farm |
| 17:00 | Build | Farm |
| 17:02 | Build | Farm |
| 17:04 | Build | Farm |
| 17:05 | Build | Farm |
| 17:07 | Build | Farm |
| 17:08 | Build | Farm |
| 17:13 | Create | Villager (Male) |
| 17:14 | Create | Villager (Male) |
| 17:14 | Create | Villager (Male) |
| 17:14 | Create | Villager (Male) |
| 17:25 | Build | Farm |
| 17:34 | Build | Stone Wall |
| 17:40 | Build | Stone Wall |
| 17:55 | Build | Lumber Camp |
| 18:16 | Build | Lumber Camp |
| 18:25 | Build | Lumber Camp |
| 18:56 | Build | Barracks |
| 19:00 | Build | Barracks |
| 19:15 | Build | Farm |
| 19:35 | Build | Market |
| 20:00 | Build | Blacksmith |
| 20:13 | Build | Stable |
| 20:16 | Build | Stable |
| 20:27 | Create | Villager (Male) |
| 20:28 | Create | Villager (Male) |
| 21:00 | Build | Farm |
| 21:11 | Create | Villager (Male) |
| 21:11 | Create | Villager (Male) |
| 21:13 | Research | Castle Age |
| 21:25 | Build | Farm |
| 21:47 | Build | Farm |
| 22:16 | Research | Scale Barding Armor |
| 22:17 | Research | Scale Mail Armor |
| 22:18 | Research | Forging |
| 24:03 | Research | Hand Cart |
| 24:06 | Research | Heavy Plow |
| 24:08 | Research | Bow Saw |
| 24:12 | Research | Gold Shaft Mining |
| 24:35 | Create | Villager (Male) |
| 24:44 | Create | Knight |
| 24:45 | Create | Knight |
| 24:52 | Create | Knight |
| 25:02 | Create | Villager (Male) |
| 25:36 | Build | Town Center |
| 25:43 | Create | Villager (Male) |
| 25:50 | Research | Chain Barding Armor |
| 25:59 | Build | Town Center |
| 26:13 | Create | Villager (Male) |
| 26:25 | Build | Castle |
| 26:40 | Create | Villager (Male) |
| 26:49 | Build | Mining Camp |
| 26:52 | Create | Villager (Male) |
| 27:16 | Build | Mining Camp |
| 27:20 | Create | Villager (Male) |
| 27:28 | Create | Knight |
| 27:28 | Create | Knight |
| 27:28 | Create | Knight |
| 27:42 | Build | Mining Camp |
| 27:47 | Create | Villager (Male) |
| 28:09 | Build | Barracks |
| 28:10 | Build | Barracks |
| 28:11 | Build | Barracks |
| 28:12 | Build | Barracks |
| 28:13 | Build | Barracks |
| 28:14 | Build | Barracks |
| 28:23 | Research | Man-at-Arms (upgrade) |
| 28:25 | Research | Squires |
| 28:25 | Research | Arson |
| 28:43 | Create | Villager (Male) |
| 28:43 | Create | Villager (Male) |
| 28:44 | Create | Villager (Male) |
| 28:44 | Create | Villager (Male) |
| 28:45 | Create | Villager (Male) |
| 28:45 | Create | Villager (Male) |
| 28:51 | Build | Farm |
| 29:10 | Research | Long Swordsman (upgrade) |
| 29:14 | Build | Farm |
| 29:18 | Build | Farm |
| 29:23 | Build | Farm |
| 29:27 | Create | Villager (Male) |
| 29:28 | Create | Villager (Male) |
| 29:29 | Create | Villager (Male) |
| 29:29 | Create | Villager (Male) |
| 29:33 | Create | Villager (Male) |
| 29:38 | Build | Farm |
| 29:43 | Build | Farm |
| 29:47 | Build | Farm |
| 29:53 | Create | Villager (Male) |
| 30:03 | Create | Militia |
| 30:04 | Create | Militia |
| 30:05 | Create | Militia |
| 30:11 | Build | Farm |
| 30:15 | Build | Farm |
| 30:21 | Build | Farm |
| 30:23 | Create | Villager (Male) |
| 30:24 | Create | Villager (Male) |
| 30:25 | Create | Villager (Male) |
| 30:30 | Build | Farm |
| 30:34 | Build | Farm |
| 30:40 | Build | Farm |
Match timeline
| 3:12 | Kris · wall_segment Palisade Wall x15 |
| 5:18 | jgent · wall_segment Palisade Wall x12 |
| 7:30 | Sparten gio · wall_segment Palisade Wall x5 |
| 8:32 | jgent · first_building Barracks |
| 10:29 | 47岁老玩家 · first_building Barracks |
| 10:31 | M3tr0d0r117s · first_building Barracks |
| 10:32 | jgent · first_building Archery Range |
| 10:49 | Sparten gio · first_building Barracks |
| 10:51 | Sir Aldi · first_building Barracks |
| 11:20 | Sir Aldi · wall_segment Stone Wall x9 |
| 11:37 | Kris · first_building Barracks |
| 12:12 | Sparten gio · wall_segment Stone Wall x12 |
| 12:19 | M3tr0d0r117s · wall_segment Stone Wall x16 |
| 12:42 | Sparten gio · first_building Stable |
| 13:30 | 47岁老玩家 · first_building Archery Range |
| 16:51 | Kris · wall_segment Stone Wall x16 |
| 17:34 | 47岁老玩家 · wall_segment Stone Wall x18 |
| 17:34 | msi · wall_segment Stone Wall x7 |
| 17:40 | msi · wall_segment Stone Wall x7 |
| 17:43 | 47岁老玩家 · wall_segment Stone Wall x33 |
| 17:46 | M3tr0d0r117s · first_building Archery Range |
| 18:03 | Sir Aldi · first_building Archery Range |
| 18:37 | Sparten gio · first_market_sell 100 food |
| 18:47 | M3tr0d0r117s · first_building Stable |
| 18:50 | Kris · wall_segment Stone Wall x18 |
| 18:56 | msi · first_building Barracks |
| 19:06 | Kris · wall_segment Stone Wall x13 |
| 19:12 | Kris · wall_segment Stone Wall x4 |
| 20:13 | msi · first_building Stable |
| 20:43 | M3tr0d0r117s · first_building Monastery |
| 21:25 | M3tr0d0r117s · first_building Siege Workshop |
| 21:57 | Sparten gio · first_market_buy 100 wood |
| 22:00 | Kris · first_building Monastery |
| 22:18 | 47岁老玩家 · first_building Monastery |
| 22:21 | Sir Aldi · first_building Monastery |
| 22:58 | Kris · first_building Siege Workshop |
| 24:39 | Kris · first_building Archery Range |
| 25:11 | M3tr0d0r117s · wall_segment Stone Wall x25 |
| 25:20 | M3tr0d0r117s · wall_segment Stone Wall x5 |
| 26:25 | msi · first_building Castle |
| 26:31 | 猫神TRACK · first_building Castle |
| 26:47 | 47岁老玩家 · wall_segment Stone Wall x13 |
| 26:55 | 47岁老玩家 · wall_segment Stone Wall x33 |
| 28:04 | Kris · first_building Castle |
| 29:54 | 猫神TRACK · first_building Barracks |
| 30:01 | M3tr0d0r117s · first_building Castle |
| 30:18 | Sparten gio · first_building Castle |
| 30:21 | 47岁老玩家 · first_building Castle |
| 30:32 | Sir Aldi · first_building Castle |
| 30:33 | 猫神TRACK · first_market_buy 100 stone |
| 30:50 | 47岁老玩家 · first_market_sell 100 wood |
| 31:53 | 猫神TRACK · first_building Stable |
| 33:29 | Sparten gio · first_building Monastery |
| 33:41 | Sir Aldi · first_building Siege Workshop |
| 34:58 | Sparten gio · first_building Archery Range |
| 37:06 | jgent · first_building Castle |
| 39:51 | msi · first_building Archery Range |
| 41:50 | 猫神TRACK · first_building Siege Workshop |
| 42:04 | 猫神TRACK · first_building Archery Range |
| 42:21 | 猫神TRACK · first_building Monastery |
| 43:13 | 47岁老玩家 · first_building Stable |
| 44:04 | M3tr0d0r117s · wall_segment Stone Wall x5 |
| 44:16 | M3tr0d0r117s · wall_segment Stone Wall x5 |
| 44:24 | M3tr0d0r117s · wall_segment Stone Wall x7 |
| 44:33 | M3tr0d0r117s · wall_segment Stone Wall x4 |
| 45:22 | M3tr0d0r117s · wall_segment Stone Wall x8 |
| 46:19 | M3tr0d0r117s · first_market_buy 500 wood |
| 46:22 | M3tr0d0r117s · first_market_sell 500 wood |
| 46:37 | 47岁老玩家 · resign |
[ AI ANALYSIS · 1 CREDIT ]
What really happened in this match?
Wolo.gg analyzes every decision: build order, eco, micro, common mistakes by bracket. Personalized analysis on WhatsApp or Discord in 30 seconds.
Civ guide
Persians
Perfil
Jugador #17570867